[Event "Team 45 45 League T26"]
[Site "Free Internet Chess Server"]
[Date "PDT.04.0"]
[Round "4"]
[White "fismoluni"]
[Black "mrmahoon"]
[Result "1-0"]
[WhiteElo "1631"]
[BlackElo "1622"]
[TimeControl "2700+45"]

1. e4 e5 2. Nf3 Nc6 3. Bc4 Be7 4. d4 d6 5. dxe5 dxe5 6. Qxd8+ Bxd8 7. Nc3 Nf6 8. Be3 O-O 9. O-O-O Bg4 10. h3 Bh5 11. g4 Bg6 12. Bd3 Be7 13. h4 h6 14. h5 Bh7 15. g5 hxg5 16. Bxg5 Ng4 17. Bxe7 Nxe7 18. Rd2 Nc6 19. Rg1 Nf6 20. h6 g6 21. Nd5 Ne8 22. b4 f6 23. Bc4 Kh8 24. a3 g5 25. Bd3 Nd8 26. c4 c6 27. Nc3 Ne6 28. c5 Nf4 29. Bc4 Nc7 30. Rd7 Rac8 31. Rgd1 b6 32. Rg7 Nfe6 33. Bxe6 Nxe6 34. Rxa7 bxc5 35. Rdd7 cxb4 36. Rxh7+ Kg8 37. axb4 Ra8 38. Rae7 Rae8 39. Rd7 Rd8 40. Rde7 Rde8 41. Na4 Rxe7 42. Rxe7 Nd8 43. Nc5 g4 44. Nh2 f5 45. exf5 Rxf5 46. Re8+ Rf8 47. h7+   {Black resigns} 1-0

[Event "Team 45 45 League T26"]
[Site "Free Internet Chess Server"]
[Date "PDT.04.0"]
[Round "4"]
[White "CleverBanana"]
[Black "couv"]
[Result "1-0"]
[WhiteElo "1642"]
[BlackElo "1560"]
[TimeControl "2700+45"]

1. e4 e6 2. d4 d5 3. Nc3 dxe4 4. Nxe4 Be7 5. Nf3 Nf6 6. Nxf6+ Bxf6 7. c3 b6 8. Bb5+ c6 9. Ba4 Ba6 10. Bf4 Nd7 11. Bxc6 Rc8 12. Qa4 Bd3 13. Rd1 Bc2 14. Bxd7+ Qxd7 15. Qxc2 O-O 16. O-O Qb5 17. Be5 Be7 18. Rd2 f6 19. Bg3 a5 20. Re1 Rc6 21. d5 Rc5 22. d6 Bd8 23. Nd4 Qd7 24. Nxe6 Re8 25. Rde2 Rc8 26. Nxd8 Rxe2 27. Rxe2 Rxd8 28. h3 b5 29. Re7 Qc6 30. Qe4 Qxe4 31. Rxe4 Rd7 32. c4 bxc4 33. Rxc4 Kf7 34. Ra4 Ra7 35. a3 Ke6 36. b4 Rb7 37. Rxa5 f5 38. Bf4 g5 39. Bxg5 Kxd6 40. Kf1 Ke6 41. Ke2 Rd7 42. Rc5 h5 43. a4 Rd4 44. Bd2 f4 45. a5 Kd6 46. Rxh5   {Black resigns} 1-0

[Event "Team 45 45 League T26"]
[Site "Free Internet Chess Server"]
[Date "PDT.04.0"]
[Round "4"]
[White "zcomcon"]
[Black "MStav"]
[Result "1/2-1/2"]
[WhiteElo "1698"]
[BlackElo "1696"]
[TimeControl "2700+45"]

1. e4 d6 2. d4 Nf6 3. Nc3 e5 4. Be3 Be7 5. Nf3 Nbd7 6. h3 O-O 7. Bc4 c6 8. a4 a6 9. O-O Qc7 10. Qe2 b6 11. Rfc1 Bb7 12. Bd2 exd4 13. Nxd4 Rfe8 14. Nf3 Ne5 15. Nxe5 dxe5 16. Bg5 Rad8 17. Rd1 b5 18. axb5 cxb5 19. Bxf6 Bxf6 20. Bd5 h6 21. Bxb7 Qxb7 22. Nd5 Qc6 23. Nb4 Rxd1+ 24. Rxd1 Qb7 25. Nd5 Be7 26. Nxe7+ Qxe7 27. Qd3 f6 28. Qd5+ Qe6 29. c3 Kf7 30. f3 Qxd5 31. Rxd5 Ke6 32. Rd2 Re7 33. Kf2 Rd7 34. Rxd7 Kxd7 35. Ke3 Kd6 36. Kd3 h5 37. g3 g5 38. b4 Kc6 39. c4 Kb6 40. c5+ Kc6 41. Ke3 a5 42. bxa5 Kxc5 43. Kd3 b4 44. a6 Kb6 45. a7 Kxa7 46. Kc4 b3 47. Kxb3 Kb6 48. Kc4 Kc6 49. g4 h4 50. Kb4 Kb6 51. Kc4 Kc6 52. Kb4   {Game drawn by mutual agreement} 1/2-1/2

[Event "Team 45 45 League T26"]
[Site "Free Internet Chess Server"]
[Date "PDT.04.0"]
[Round "4"]
[White "JayH"]
[Black "BIRDSMAN"]
[Result "0-1"]
[WhiteElo "1408"]
[BlackElo "1585"]
[TimeControl "2700+45"]

1. e4 c5 2. Nc3 d6 3. h3 Nc6 4. a3 Nf6 5. Bc4 e6 6. Nf3 Bd7 7. d3 a6 8. Qe2 Qc7 9. Bf4 Be7 10. Qd2 O-O 11. g4 Rfd8 12. O-O-O Rac8 13. Rdg1 Nd4 14. Rg3 b5 15. Ba2 b4 16. Ne2 bxa3 17. e5 axb2+ 18. Kb1 Nxf3 19. Rxf3 Nd5 20. Nc3 Nxf4 21. Qxf4 Rf8 22. Rg1 dxe5 23. Qe3 Qa5 24. Qd2 Bc6 25. Rfg3 Bd5 26. Nxd5 Qxd2 27. Nxe7+ Kh8 28. Nxc8 Qa5 29. Nd6 Qb6 30. Nc4 Qc7 31. Nxb2 Rb8 32. Ka1 Qd6 33. Rc1 Qd4 34. Rb1 a5 35. g5 a4 36. Rg4 Qxf2 37. Rxa4 Qxc2 38. Rc4 Qd2 39. Rxc5 h6 40. Nc4 Rxb1+ 41. Bxb1 Qc3+ 42. Ka2 Qb4 43. Rc8+ Kh7 44. gxh6 gxh6 45. d4+ f5 46. dxe5 Qa4+ 47. Kb2 Qb5+ 48. Kc2 Qb7 49. Re8 Qg2+ 50. Kc1 Qxh3 51. Rxe6 Qc3+ 52. Bc2 Qxc4 53. Rf6 Qc3 54. Rxf5 Kg7 55. Kb1 Qe1+ 56. Kb2 Qb4+ 57. Bb3 Qd2+ 58. Ka3 Qc1+ 59. Ka2 Qe1 60. Rf7+ Kg6 61. e6 Qe2+ 62. Ka3 h5 63. Ra7 Qe5 64. e7 Qc5+ 65. Kb2 Qe5+ 66. Ka2 Qe2+ 67. Ka3 Qe3 68. Ra6+ Kg5 69. Re6 Qc1+ 70. Kb4 Qd2+ 71. Kc4 Qc1+ 72. Kd5 Qd2+ 73. Kc5 Qf2+ 74. Kb5 Qf5+ 75. Kc6 Qf3+ 76. Bd5 Qc3+ 77. Kd7 Qd4 78. e8=Q Qxd5+ 79. Kc7 Qc4+ 80. Kb7 Qd5+ 81. Rc6 Qb5+ 82. Kc7 Qa5+ 83. Kb7 Qb5+ 84. Rb6 Qxe8   {White resigns} 0-1

[Event "Team 45 45 League T26"]
[Site "Free Internet Chess Server"]
[Date "2005.04.12"]
[Round "4"]
[White "Vinoblanca"]
[Black "manyhorses"]
[Result "1-0"]
[WhiteElo "1394"]
[BlackElo "1312"]
[TimeControl "2700+45"]

1. d4 d5 2. c4 e6 3. Nc3 Nf6 4. Nf3 Nc6 5. Bf4 Bd6 6. Bg5 Be7 7. Qb3 O-O 8. e3 dxc4 9. Bxc4 Na5 10. Qa4 Nxc4 11. Qxc4 c6 12. O-O b5 13. Qxc6 Nd5 14. Bxe7 Qxe7 15. Qxa8 Bd7 16. Nxd5 exd5 17. Qxd5 Rd8 18. Qe5 Qxe5 19. Nxe5 Be6 20. Rfc1 g6 21. Rc5 a6 22. b3 Kg7 23. Rac1 h5 24. Rc6 a5 25. Rb6 Rd5 26. Rc5 Rxc5 27. dxc5 b4 28. Rxe6 fxe6 29. c6 Kf8 30. c7 Ke7 31. c8=Q Kf6 32. Nc6 h4 33. Nd4 e5 34. Qe6+ Kg7 35. Qxe5+ Kh6 36. f4 a4 37. Qh8#   {Black checkmated} 1-0

[Event "Team 45 45 League T26"]
[Site "Free Internet Chess Server"]
[Date "2005.04.12"]
[Round "4"]
[White "Triplea"]
[Black "clarinetref"]
[Result "0-1"]
[WhiteElo "1247"]
[BlackElo "1493"]
[TimeControl "2700+45"]

1. e4 c5 2. Nf3 Nc6 3. d4 cxd4 4. Nxd4 g6 5. Be3 Bg7 6. Bd3 Nxd4 7. Bxd4 Bxd4 8. c3 Bg7 9. Nd2 Qb6 10. Nb3 Nf6 11. Qd2 Ng4 12. O-O Qd6 13. g3 Ne5 14. Rad1 Nf3+ 15. Kg2 Nxd2   {White resigns} 0-1

[Event "Team 45 45 League T26"]
[Site "Free Internet Chess Server"]
[Date "2005.04.11"]
[Round "4"]
[White "hotjazz"]
[Black "jerryrab"]
[Result "0-1"]
[WhiteElo "1424"]
[BlackElo "1273"]
[TimeControl "2700+45"]

1. e4 e5 2. Nf3 d6 3. h3 a6 4. Nc3 Nf6 5. d4 Nc6 6. d5 Ne7 7. Be2 h6 8. Be3 g5 9. Qd2 Bg7 10. O-O-O Ng6 11. g3 g4 12. Nh2 gxh3 13. Rdg1 h5 14. f4 Ng4 15. Nxg4 Bxg4 16. f5 Ne7 17. Bg5 f6 18. Kb1 fxg5 19. Qxg5 Bh6 20. Qf6 Rh7 21. Rh2 Be3 22. Rgh1 Rf7 23. Qh8+ Rf8 24. Qg7 Rg8 25. Qf6 Bg5 26. Qe6 Bd2 27. Bxg4 hxg4 28. f6 Bxc3 29. f7+ Kf8 30. Qh6+ Kxf7 31. Rf2+ Ke8 32. Qh5+ Kd7 33. Rf7 Kc8 34. bxc3 b6 35. Rhf1 Kb7 36. Qh4 Rh8 37. Qxg4 h2 38. Rh1 Qe8 39. Qe6 Ng8 40. Qf5 Nh6 41. Rxc7+ Kxc7 42. Qf1 Ng4 43. Qc4+ Kb7 44. a4 Nf2 45. Qb4 Nxh1 46. Qxd6 Nxg3 47. Kb2 Nxe4 48. Qb4 h1=Q 49. c4 Qd1 50. c5 Nxc5 51. a5 Qd4+ 52. Qxd4 exd4 53. axb6 Kxb6   {White resigns} 0-1

[Event "Team 45 45 League T26"]
[Site "Free Internet Chess Server"]
[Date "2005.04.11"]
[Round "4"]
[White "EyeAm"]
[Black "chesstalker"]
[Result "0-1"]
[WhiteElo "1317"]
[BlackElo "1347"]
[TimeControl "2700+45"]

1. e4 e5 2. Nf3 Nc6 3. Bc4 Bc5 4. c3 d6 5. d4 Bb6 6. d5 Na5 7. Be2 c6 8. b4 cxd5 9. bxa5 Bxa5 10. Qxd5 Ne7 11. Bb5+ Bd7 12. Bxd7+ Kxd7 13. Qb5+ Nc6 14. O-O Rc8 15. Ng5 Ke7 16. Qxb7+ Rc7 17. Qb3 Kf8 18. Be3 Qc8 19. f4 Rb7 20. Qc2 f6 21. Nh3 Kf7 22. fxe5 dxe5 23. Na3 Qg4 24. Nc4 Bc7 25. Rad1 Rhb8 26. Rb1 Nb4 27. cxb4 Rc8 28. Nd6+ Bxd6 29. Qxc8 Qxc8 30. Rbc1 Qg4 31. Nf2 Qe2 32. Rfd1 Qxe3   {White forfeits on time} 0-1

[Event "Team 45 45 League T26"]
[Site "Free Internet Chess Server"]
[Date "PDT.04.0"]
[Round "4"]
[White "manyhorses"]
[Black "blkmagic"]
[Result "1-0"]
[WhiteElo "1310"]
[BlackElo "1124"]
[TimeControl "2700+45"]

1. e4 e5 2. Nc3 Nf6 3. Nf3 Nc6 4. d4 exd4 5. Nxd4 Bb4 6. Nxc6 bxc6 7. Bd3 d6 8. Bd2 Bg4 9. f3 Bxc3 10. Bxc3 Be6 11. O-O O-O 12. f4 Bg4 13. Qe1 Re8 14. e5 dxe5 15. fxe5 Nd5 16. Bc4 f6 17. Qf2 Qd7 18. exf6 gxf6 19. Qxf6 Rf8 20. Qh8#   {Black checkmated} 1-0

[Event "Team 45 45 League T26"]
[Site "Free Internet Chess Server"]
[Date "2005.04.12"]
[Round "4"]
[White "Atreus"]
[Black "geolas"]
[Result "0-1"]
[WhiteElo "1849"]
[BlackElo "1835"]
[TimeControl "2700+45"]

1. e4 c5 2. f4 d5 3. exd5 Nf6 4. Bb5+ Nbd7 5. c4 a6 6. Bxd7+ Bxd7 7. Nc3 e6 8. Qe2 Be7 9. dxe6 Bxe6 10. Nf3 O-O 11. Ne5 Re8 12. O-O Qd4+ 13. Kh1 Nd7 14. b3 Nxe5 15. Qxe5 Bf6 16. Qxd4 Bxd4 17. Bb2 Rad8 18. f5 Bd7 19. Nd5 Bxb2 20. Rad1 Bc6 21. Ne3 Bd4 22. Rfe1 h5 23. h3 Bxe3 24. dxe3 Rxd1 25. Rxd1 Rxe3 26. Kg1 Re2 27. g4 hxg4 28. Rd8+ Kh7 29. hxg4 Rg2+ 30. Kf1 Rxg4 31. Rd2 Rh4 32. Rf2 Kg8 33. Ke2 g5 34. fxg6 fxg6 35. Ke3 Rg4   {White resigns} 0-1

[Event "Team 45 45 League T26"]
[Site "Free Internet Chess Server"]
[Date "PDT.04.0"]
[Round "4"]
[White "sostoned"]
[Black "MGoo"]
[Result "1-0"]
[WhiteElo "1716"]
[BlackElo "1799"]
[TimeControl "2700+45"]

1. Nf3 d5 2. c4 c6 3. e3 Nf6 4. Nc3 Bg4 5. Be2 Nbd7 6. cxd5 cxd5 7. h3 Bf5 8. g4 Be6 9. Nd4 Nc5 10. Nxe6 fxe6 11. d4 Nce4 12. Bb5+ Kf7 13. Bd2 Nxd2 14. Kxd2 Ne4+ 15. Nxe4 dxe4 16. b4 e5 17. Bc4+ e6 18. Qb3 Qd6 19. d5 Qxb4+ 20. Qxb4 Bxb4+ 21. Ke2 exd5 22. Bxd5+ Ke7 23. Bxb7 Rad8 24. Rhd1 Rd7 25. Bxe4 h6 26. Rxd7+ Kxd7 27. Rd1+ Bd6 28. Rb1 Rc8 29. Bf5+ Kd8 30. Bxc8 Kxc8 31. Kd3 Kc7 32. Ke4 g6 33. Rb5 Kc6 34. Rxe5 Bxe5 35. Kxe5 h5 36. e4 Kc5 37. Kf6 Kd4 38. e5 hxg4 39. hxg4   {Black resigns} 1-0

[Event "Team 45 45 League T26"]
[Site "Free Internet Chess Server"]
[Date "PDT.04.0"]
[Round "4"]
[White "Galleta"]
[Black "pioneerknight"]
[Result "0-1"]
[WhiteElo "1700"]
[BlackElo "1696"]
[TimeControl "2700+45"]

1. e4 d6 2. d4 g6 3. Nf3 Nf6 4. Nc3 Bg7 5. Bg5 O-O 6. e5 dxe5 7. dxe5 Nfd7 8. e6 Bxc3+ 9. bxc3 fxe6 10. Bh6 Re8 11. Ng5 Nf6 12. Bc4 Qd6 13. Qxd6 exd6 14. O-O Ng4 15. Rfe1 Nxh6 16. Bxe6+ Bxe6 17. Rxe6 Nc6 18. h3 Rxe6 19. Nxe6 Rc8 20. g4 Nf7 21. f4 h6 22. Kf2 Nfd8 23. f5 Nxe6 24. fxe6 Re8 25. Rb1 b6 26. Re1 Ne5 27. Re4 Rxe6 28. Kg3 h5 29. Kf4 hxg4 30. hxg4 Kf7 31. Ra4 a5 32. g5 d5 33. Ke3 Nc4+ 34. Kd4 c6 35. a3 Re4+ 36. Kd3 Nb2+   {White resigns} 0-1

[Event "Team 45 45 League T26"]
[Site "Free Internet Chess Server"]
[Date "PDT.04.0"]
[Round "4"]
[White "CelticDeath"]
[Black "midoekram"]
[Result "1-0"]
[WhiteElo "1740"]
[BlackElo "1671"]
[TimeControl "2700+45"]

1. e4 e5 2. d4 exd4 3. c3 dxc3 4. Bc4 Bc5 5. Bxf7+ Kxf7 6. Qh5+ g6 7. Qxc5 Qf6 8. Nxc3 c6 9. Bg5 Qe6 10. Nf3 Nf6 11. O-O d6 12. Qe3 Nbd7 13. Nd4 Qe5 14. f4 Qc5 15. f5 Rg8 16. Kh1 Qb4 17. fxg6+ Rxg6 18. Qh3 Rxg5 19. Qe6+ Kg6 20. Nf5 Qxb2 21. Nh4+ Kh5 22. Qh3 Rg4 23. Rf5+ Rg5 24. Nf3+ Kg6 25. Rxg5+ Kf7 26. Rf1 Qxc3 27. Ne5+ Qxe5 28. Rxe5 Nxe5 29. Qxh7+ Ke6 30. Qf5+ Ke7 31. Qxf6+ Kd7 32. Qg7+   {Black resigns} 1-0

[Event "Team 45 45 League T26"]
[Site "Free Internet Chess Server"]
[Date "2005.04.10"]
[Round "4"]
[White "twotowers"]
[Black "DesparateDan"]
[Result "0-1"]
[WhiteElo "1622"]
[BlackElo "1684"]
[TimeControl "2700+45"]

1. Nf3 Nf6 2. g3 d5 3. Bg2 Bf5 4. O-O c6 5. d3 e6 6. Nh4 Bg4 7. h3 Bh5 8. g4 Bg6 9. Nxg6 hxg6 10. Nd2 Nbd7 11. f4 Qc7 12. e4 dxe4 13. dxe4 O-O-O 14. e5 Nd5 15. Ne4 Nc5 16. Qe2 Nxe4 17. Qxe4 Bc5+ 18. Kh2 Qb6 19. Re1 Bf2 20. Re2 Bc5 21. a3 Be7 22. c4 Nc7 23. b4 Qd4 24. Rb1 Qxe4 25. Bxe4 Rd4 26. Bb2 Rxc4 27. Bd3 Rxf4 28. Kg3 Nd5 29. Be4 Bh4+ 30. Kg2 f5 31. exf6 gxf6 32. Bc1 Rxe4 33. Rxe4 Nc3   {White resigns} 0-1

[Event "Team 45 45 League T26"]
[Site "Free Internet Chess Server"]
[Date "2005.04.10"]
[Round "4"]
[White "Holyphant"]
[Black "kballoloco"]
[Result "1/2-1/2"]
[WhiteElo "1657"]
[BlackElo "1639"]
[TimeControl "2700+45"]

1. e4 e5 2. Nf3 Nc6 3. Bc4 Nf6 4. Ng5 d5 5. exd5 Na5 6. Bb5+ c6 7. dxc6 bxc6 8. Be2 Bd6 9. Nc3 O-O 10. d3 h6 11. Nge4 Bc7 12. O-O Rb8 13. Rb1 Nd5 14. Bd2 Qe7 15. Bf3 Be6 16. Na4 f5 17. Nec5 Bc8 18. b4 Bd6 19. a3 Nb7 20. c4 e4 21. dxe4 Nf4 22. exf5 Nxg2 23. Bxg2 Qh4 24. f4 Bxf5 25. Be1 Qf6 26. Ne4 Qg6 27. Qf3 Bc7 28. Bg3 Rbe8 29. Rbe1 Nd6 30. Nac3 Nxc4 31. a4 Rd8 32. Rd1 Rde8 33. Qd3 Rd8 34. Qxc4+ Kh8 35. Rxd8 Rxd8 36. b5 Bb6+ 37. Kh1 cxb5 38. Nxb5 h5 39. Ng5 Rc8 40. Qf7 Qxf7 41. Nxf7+ Kg8 42. Bd5 Kf8 43. Re1 Rc5 44. Bb3 Bg4 45. Nfd6 Bf3+ 46. Kg1 Rc2+ 47. Re3 Bxe3+ 48. Kf1 Rc1+ 49. Be1 Bd2 50. Kf2 Bxe1+ 51. Kxf3 a6 52. Nd4 Bc3 53. Ne2 Ra1 54. f5 Bb4 55. Nf4 Bxd6 56. h4 Ra3 57. Ne6+ Ke7 58. Nd4 Bc5 59. Nc6+ Kd6 60. Na5 Ke5 61. Nc4+ Kxf5 62. Nxa3 Bxa3 63. Bc2+ Ke5 64. Bg6 Be7 65. Kg3 a5 66. Bxh5   {Game drawn by mutual agreement} 1/2-1/2

[Event "Team 45 45 League T26"]
[Site "Free Internet Chess Server"]
[Date "2005.04.10"]
[Round "4"]
[White "KymF"]
[Black "gracey"]
[Result "1-0"]
[WhiteElo "2067"]
[BlackElo "2033"]
[TimeControl "2700+45"]

1. d4 Nf6 2. c4 e6 3. Nc3 Bb4 4. e3 c5 5. Bd3 d5 6. Nf3 O-O 7. O-O dxc4 8. Bxc4 Nbd7 9. Qe2 b6 10. d5 Bxc3 11. dxe6 Ne5 12. exf7+ Kh8 13. bxc3 Bg4 14. e4 Qe7 15. Re1 Rad8 16. Rb1 Nxc4 17. Qxc4 Bxf3 18. gxf3 Rxf7 19. Bg5 h6 20. Bh4 g5 21. Bg3 Nh5 22. Rbd1 Rxf3 23. Rxd8+ Qxd8 24. Qe6 Kh7 25. Qg4 Rxc3 26. Qf5+   {Black resigns} 1-0

[Event "Team 45 45 League T26"]
[Site "Free Internet Chess Server"]
[Date "2005.04.10"]
[Round "4"]
[White "bahus"]
[Black "wester"]
[Result "0-1"]
[WhiteElo "1862"]
[BlackElo "1899"]
[TimeControl "2700+45"]

1. e4 c5 2. d4 cxd4 3. c3 dxc3 4. Nxc3 Nc6 5. Nf3 e6 6. Bc4 Qc7 7. Qe2 Nf6 8. O-O Ng4 9. Nb5 Qb8 10. h3 Nge5 11. Nxe5 Nxe5 12. Bf4 a6 13. Nc3 Bd6 14. Bb3 Nf3+ 15. Qxf3 Bxf4 16. Ne2 Be5 17. Rab1 b5 18. Qg4 O-O 19. f4 Bc7 20. Ng3 Bd8 21. Nh5 g6 22. e5 Kh8 23. Nf6 Bxf6 24. exf6 Qb6+ 25. Kh1 Qd4 26. Qh4 Bb7 27. Rbd1 Qe4 28. Rg1 Bc6 29. Kh2 Rg8 30. Qf2 Qf5 31. Qd4 g5 32. Rdf1 g4 33. g3 Qh5 34. h4 Qf5 35. Rf2 Rg6 36. Bc2 Qxf6 37. Qc5 Rh6 38. Qg5 Rg8 39. Qxf6+ Rxf6 40. Rd2 Rh6 41. Rd4 Rh5 42. Re1 Rd5 43. Rxd5 Bxd5 44. Re5 Bxa2 45. Rh5 f5   {White resigns} 0-1

[Event "Team 45 45 League T26"]
[Site "Free Internet Chess Server"]
[Date "PDT.04.0"]
[Round "4"]
[White "noHz"]
[Black "Valiantangel"]
[Result "1/2-1/2"]
[WhiteElo "1850"]
[BlackElo "1811"]
[TimeControl "2700+45"]

1. e4 d5 2. exd5 Qxd5 3. Nc3 Qa5 4. d4 c6 5. Nf3 Nf6 6. Bd2 Qb6 7. Bc4 Bf5 8. Bb3 e6 9. h3 Bd6 10. O-O O-O 11. Re1 Nbd7 12. Bg5 Rfe8 13. Qd2 Qc7 14. Rad1 Rac8 15. Nh4 Bg6 16. Nxg6 hxg6 17. a3 Nd5 18. Nxd5 exd5 19. c4 Nf6 20. Bxf6 gxf6 21. cxd5 cxd5 22. Rxe8+ Rxe8 23. Bxd5 Kg7 24. Qd3 a6 25. g3 b5 26. Kg2 Qd7 27. Qf3 Rd8 28. Bb3 Bb8 29. d5 Be5 30. Rd2 Qd6 31. Rc2 a5 32. Qe2 a4 33. Ba2 b4 34. axb4 Qxb4 35. Qc4 Qxc4 36. Rxc4 Bxb2 37. Rxa4 Be5 38. Ra7 Bd6 39. h4 f5 40. Ra6 Kf6 41. Bc4 Ke5 42. Ra7 Kf6 43. Be2 Bc5 44. Ra6+ Bd6 45. Bf3 Ke5 46. Ra7 Kf6 47. Ra6 g5 48. hxg5+ Kxg5 49. Ra7 Kg6 50. Ra6 Kg5 51. Ra7 Kg6 52. Ra6 Kg5   {Game drawn by repetition} 1/2-1/2

[Event "Team 45 45 League T26"]
[Site "Free Internet Chess Server"]
[Date "2005.04.11"]
[Round "4"]
[White "Squared"]
[Black "volcano"]
[Result "0-1"]
[WhiteElo "1857"]
[BlackElo "1838"]
[TimeControl "2700+45"]

1. e4 c5 2. Nf3 d6 3. d4 cxd4 4. Nxd4 Nf6 5. Nc3 a6 6. Be3 Ng4 7. Bg5 h6 8. Bh4 g5 9. Bg3 Bg7 10. Be2 h5 11. h4 Qa5 12. hxg5 Qxg5 13. Nd5 Kf8 14. Bf4 Qg6 15. Nb6 Qxe4 16. Nxa8 Qxf4 17. Nf3 Qb4+ 18. Kf1 Qxb2 19. Rb1 Qxa2 20. Nb6 Qa5 21. Nxc8 Qc5 22. Qe1 Bc3   {White resigns} 0-1

[Event "Team 45 45 League T26"]
[Site "Free Internet Chess Server"]
[Date "PDT.04.0"]
[Round "4"]
[White "Pilia"]
[Black "RussoTuristo"]
[Result "1-0"]
[WhiteElo "1942"]
[BlackElo "1856"]
[TimeControl "2700+45"]

1. e4 Nf6 2. e5 Nd5 3. d4 d6 4. c4 Nb6 5. f4 Bf5 6. Nf3 e6 7. Nc3 Na6 8. Be3 c5 9. dxc5 dxc5 10. a3 Qxd1+ 11. Rxd1 Be7 12. Be2 f6 13. O-O Kf7 14. Nh4 Bc2 15. Rc1 Bb3 16. Nb5 Rhd8 17. f5 exf5 18. Nxf5 Na4 19. Bf3 Rd7 20. Nbd6+ Bxd6 21. e6+ Kxe6 22. Bd5+ Ke5 23. Bd4+ cxd4 24. Rce1#   {Black checkmated} 1-0

[Event "Team 45 45 League T26"]
[Site "Free Internet Chess Server"]
[Date "PDT.04.0"]
[Round "4"]
[White "Louro"]
[Black "HotDonut"]
[Result "1-0"]
[WhiteElo "1929"]
[BlackElo "1881"]
[TimeControl "2700+45"]

1. e4 c6 2. d4 d5 3. Nc3 dxe4 4. Nxe4 Bf5 5. Ng3 Bg6 6. Nf3 Nd7 7. h4 h6 8. h5 Bh7 9. Bd3 Bxd3 10. Qxd3 Ngf6 11. Bf4 Qa5+ 12. Bd2 Qc7 13. O-O-O e6 14. Kb1 Bd6 15. Ne4 Nxe4 16. Qxe4 O-O-O 17. c4 c5 18. d5 Nf6 19. Qc2 exd5 20. cxd5 Kb8 21. Bc3 Be7 22. Be5 Bd6 23. Bxf6 gxf6 24. Rh4 Rhg8 25. g3 Rde8 26. Qh7 Qd7 27. Rc4 Rh8 28. Qd3 Re7 29. Nh4 Rhe8 30. Nf5 Re2 31. Nxh6 Rxf2 32. Ng4 Rg2 33. Nxf6 Qb5 34. Rc2 Qxd3 35. Rxd3 Re1+ 36. Rc1 Ree2 37. Rb3 Be5 38. Nd7+ Kc7 39. Nxe5 Rxe5 40. Rxc5+ Kd6 41. Rc2 Re1+ 42. Rc1 Re7 43. Rh1 f5 44. h6 Rh7 45. Rf3 Ke5 46. Rh5 Kxd5 47. Rhxf5+ Ke6 48. Rh5 b6 49. a3 Ke7 50. Ka2 Ke6 51. Kb3 Ke7 52. Kc3 Ke6 53. b4 Ke7 54. Kd4 Ke6 55. Ke4 Rc2 56. Kf4 Kf6 57. Rf5+ Kg6 58. Kg4 Rc4+ 59. R3f4 Rxf4+ 60. gxf4 Rxh6 61. Rd5 Rh7 62. Rd6+   {Black resigns} 1-0

[Event "Team 45 45 League T26"]
[Site "Free Internet Chess Server"]
[Date "2005.04.10"]
[Round "4"]
[White "JDFitzpat"]
[Black "mandragora"]
[Result "0-1"]
[WhiteElo "1867"]
[BlackElo "1768"]
[TimeControl "2700+45"]

1. c4 Nf6 2. Nc3 d5 3. d4 g6 4. Bf4 Bg7 5. e3 O-O 6. cxd5 Nxd5 7. Nxd5 Qxd5 8. Bxc7 Nc6 9. Qf3 Qe6 10. Qd1 Bd7 11. d5 Qf5 12. dxc6 Bxc6 13. Ne2 Rac8 14. Ng3 Qc5 15. Rc1 Qb4+ 16. Qd2 Qxd2+ 17. Kxd2 Rxc7 18. Bb5 Rd7+   {White resigns} 0-1

[Event "Team 45 45 League T26"]
[Site "Free Internet Chess Server"]
[Date "2005.04.11"]
[Round "4"]
[White "Pawns"]
[Black "jmarchetti"]
[Result "0-1"]
[WhiteElo "1772"]
[BlackElo "1924"]
[TimeControl "2700+45"]

1. e4 e5 2. Nf3 Nc6 3. Bb5 a6 4. Bxc6 dxc6 5. O-O Bd6 6. d4 Bg4 7. dxe5 Bxf3 8. Qxf3 Bxe5 9. Rd1 Qe7 10. Nc3 Nf6 11. a4 O-O 12. Bf4 Bxc3 13. Qxc3 Qxe4 14. Bxc7 Nd5 15. Qe5 Qxc2 16. Rdc1 Qg6 17. Bd6 Rfe8 18. Qd4 Qxd6   {White resigns} 0-1